 Dungeon Crawl Stone Soup version 0.31-a0-1555-g5715333c33 (webtiles) character file.

Game seed: 1319118984784072576

9954 GordonOverkill the Arsonist (level 11, -6/53 HPs)
             Began as a Spriggan Delver on Jan 3, 2024.
             Was an Elder of Sif Muna.
             Mangled by a sun moth (16 damage)
             ... on level 10 of the Dungeon.
             The game lasted 00:26:54 (16534 turns).

GordonOverkill the Arsonist (Spriggan Delver)      Turns: 16534, Time: 00:26:55

Health: -6/53      AC:  7    Str:  8    XL:     11   Next: 29%
Magic:  35/35      EV: 22    Int: 17    God:    Sif Muna [****..]
Gold:   512        SH:  5    Dex: 16    Spells: 23/30 levels left

rFire   . . .        u - +1 dagger (speed)
rCold   . . .        (no shield)
rNeg    . . .        E - +2 robe {Will+}
rPois   .            (helmet restricted)
rElec   .            h - +2 cloak
rCorr   .            (gloves unavailable)
SInv    +            (boots unavailable)
Will    +....        n - amulet of reflection
Stlth   ++           w - +5 ring of evasion
HPRegen 0.28/turn    B - ring of magical power
MPRegen 0.24/turn

%: reflection
@: on fire, weak-willed, glowing, studying Throwing, very quick
A: very small, no large weapons, unfitting armour, see invisible, speed 3
a: Renounce Religion, Channel Magic, Forget Spell, Divine Exegesis


You were on level 10 of the Dungeon.
You worshipped Sif Muna.
Sif Muna was greatly pleased with you.
You visited 2 branches of the dungeon, and saw 11 of its levels.

You collected 512 gold pieces.

Inventory:

Hand Weapons
 u - a +1 dagger of speed (weapon)
 J - a +4 short sword
Missiles
 l - 28 poisoned darts
 r - 4 boomerangs
Armour
 h - a +2 cloak (worn)
 E - a +2 robe of willpower (worn)
Jewellery
 n - an amulet of reflection (around neck)
 p - an amulet of guardian spirit
 w - a +5 ring of evasion (left hand)
 B - a ring of magical power (right hand)
Wands
 a - a wand of light (5)
 b - a wand of mindburst (4)
 g - a wand of digging (3)
 k - a wand of roots (31)
 s - a wand of polymorph (4)
 C - a wand of charming (3)
 D - a wand of flame (26)
Scrolls
 c - 2 scrolls of fog
 d - 4 scrolls of revelation
 e - 2 scrolls of fear
 j - 2 scrolls of blinking
 m - a scroll of vulnerability
 o - 2 scrolls of poison
 t - 2 scrolls of identify
 y - a scroll of enchant armour
 G - a scroll of teleportation
 L - a scroll of brand weapon {unknown}
Potions
 f - a potion of haste
 i - a potion of cancellation
 q - 4 potions of lignification {unknown}
 v - 2 potions of magic {unknown}
 x - 3 potions of berserk rage
 z - 2 potions of might
 A - 2 potions of brilliance
 F - a potion of enlightenment
 H - 2 potions of attraction
 I - a potion of degeneration {unknown}
 K - a potion of heal wounds


   Skills:
 - Level 4.0 Fighting
 - Level 2.1 Short Blades
 - Level 3.0 Throwing
 - Level 2.6 Dodging
 - Level 7.2 Stealth
 - Level 10.0 Spellcasting
 + Level 5.4 Conjurations
 - Level 12.0 Fire Magic


You had 23 spell levels left.
You knew the following spells:

 Your Spells              Type           Power      Damage    Failure   Level
a - Foxfire               Conj/Fire      100%       2x1d9     1%          1
b - Starburst             Conj/Fire      19%        6d7       36%         6

Your spell library contained the following spells:

 Spells                   Type           Power      Damage    Failure   Level
 Static Discharge         Conj/Air       34%        3-5/arc   4%          2
 Necrotise                Necr           32%        1d5       9%          1
 Ensorcelled Hibernation  Hex/Ice        16%        N/A       13%         2
 Lesser Beckoning         Tloc           16%        N/A       13%         2
 Gell's Gravitas          Tloc           8%         N/A       26%         3
 Ozocubu's Armour         Ice            8%         N/A       26%         3
 Passwall                 Erth           8%         N/A       26%         3
 Swiftness                Air            8%         N/A       26%         3
 Teleport Other           Tloc           8%         N/A       26%         3
 Vampiric Draining        Necr           8%         2d6       26%         3
 Airstrike                Air            4%         2d(1-17)  63%         4
 Martyr's Knell           Necr/Summ      8%         N/A       63%         4
 Summon Lightning Spire   Summ/Air       8%         N/A       63%         4
 Plasma Beam              Fire/Air       14%        2x1d25    73%         6
 Curse of Agony           Necr           8%         N/A       93%         5
 Metabolic Englaciation   Hex/Ice        4%         N/A       93%         5
 Dispersal                Tloc           4%         N/A       100%        6
 Sculpt Simulacrum        Ice/Alch       4%         N/A       100%        6


Dungeon Overview and Level Annotations

Branches:
Dungeon (10/15)            Temple (1/1) D:5            Lair (0/5) D:10
    Orc: D:9-12

Altars:
Ashenzari
Cheibriados
Dithmenos
Elyvilon
Fedhas
Gozag
Hepliaklqana
Kikubaaqudgha
Makhleb
Nemelex Xobeh
Okawaru
Qazlal
Ru
Sif Muna
Trog
Uskayaw
Vehumet
Wu Jian
Xom
Yredelemnul
Zin
The Shining One

Annotations:
D:5 exclusion: ice beast
D:8 7 runed translucent doors


Innate Abilities, Weirdness & Mutations

You are very small and have problems with some larger weapons.
You are too small for most types of armour.
You have supernaturally acute eyesight. (SInv)
You cover ground extremely quickly. (Speed+++)


Message History

You conjure some foxfire!
Unknown command.
Aiming: Mindburst
Press: ? - help, Shift-Dir - straight line, f - sun moth
Aim: a sun moth (ally target, chance to affect: 29%)
The sun moth easily resists.
The sun moth's wings beat fiercely.
The flurry of pyrophoric scales hits you.
You are covered in intense liquid fire!
The foxfire hits the sun moth.
The sun moth completely resists.
Aiming: Mindburst
Press: ? - help, Shift-Dir - straight line, f/p - sun moth
Aim: a sun moth (ally target, chance to affect: 29%)
The sun moth easily resists.
The liquid fire burns you!
The foxfire hits the sun moth but does no damage.
Aiming: Mindburst
Press: ? - help, Shift-Dir - straight line, f/p - sun moth
Aim: a sun moth (chance to affect: 29%)
The sun moth easily resists.
The liquid fire burns you!
As you read the scroll of vulnerability, it crumbles to dust.
A wave of despondency washes over your surroundings.
The liquid fire burns you!
Aiming: Mindburst
Press: ? - help, Shift-Dir - straight line, f/p - sun moth
Aim: a sun moth (weak-willed, chance to affect: 55%)
The sun moth resists with significant effort.
The liquid fire burns you!
* * * LOW HITPOINT WARNING * * *
The sun moth bites you!
* * * LOW HITPOINT WARNING * * *
Aiming: Mindburst
Press: ? - help, Shift-Dir - straight line, f/p - sun moth
Aim: a sun moth (weak-willed, chance to affect: 55%)
The sun moth's mind is blasted!
The liquid fire burns you!
* * * LOW HITPOINT WARNING * * *
The sun moth bites you!
You die...

.............##
.#............##
###.>..[.......##
.#..............##
..[..............##
..................##
...................##
..#####...#####.....##
..#≈.H#...#ws##.@....##
..#≈≈.#...#~###..y....##
..#≈.≈#)..##s##........##
..#≈CS#...###.#.....>...##
..#C≈S#...##~~#..........##
..#≈.≈#...#~# #...........##
..#≈.m#§..##.s#............#
..#≈tS#._.##..#..........>##
..#.≈H#...#y.##..........##


You could see a sun moth (weak-willed).

Vanquished Creatures
  A hydra (D:10)
  A two-headed ogre (D:10)
  A kobold demonologist (D:9)
  A komodo dragon (D:9)
  3 trolls
  A hornet (D:10)
  A tarantella (D:10)
  A vampire (D:10)
  A wraith (D:9)
  A wyvern (D:10)
  Eustachio (D:4)
  A steam dragon (D:7)
  12 yaks
  Menkaure (D:6)
  2 acid dragons
  An ice beast (D:5)
  5 orc warriors
  3 sky beasts (D:8)
  An ogre (D:5)
  A black bear (D:5)
  4 centaurs
  A phantom (D:4)
  Blork the orc (D:6)
  4 kobold brigands
  A bullfrog (D:9)
  2 scorpions
  13 wights
  14 killer bees
  2 howler monkeys
  4 bombardier beetles
  3 hounds (D:5)
  Crazy Yiuf (D:5)
  2 gnoll boudas
  5 orc priests
  A jelly (D:4)
  Jessica (D:3)
  A sleepcap (D:8)
  5 iguanas
  9 orc wizards
  Robin (D:4)
  3 gnolls (D:7)
  3 adders
  A shadow imp (D:7)
  A white imp (D:8)
  2 ufetubi (D:6)
  2 dart slugs
  27 orcs
  5 endoplasms
  4 hobgoblins
  10 jackals
  25 kobolds
  4 quokkas
  6 ball pythons
  7 bats
  A frilled lizard (D:2)
  18 goblins
  5 rats
239 creatures vanquished.

Vanquished Creatures (collateral kills)
  An orc (D:9)
1 creature vanquished.

Vanquished Creatures (others)
  1579 foxfires
1579 creatures vanquished.

Grand Total: 1819 creatures vanquished

Notes
Turn   | Place    | Note
-------+----------+-------------------------------------------
     0 | D:5      | GordonOverkill the Spriggan Delver began the quest for the
                  | Orb.
     0 | D:5      | Reached XP level 1. HP: 11/11 MP: 2/2
    20 | D:6      | Noticed an iguana
   123 | D:5      | Found a staircase to the Ecumenical Temple.
   130 | D:5      | Noticed an ice beast
   132 | Temple   | Entered the Ecumenical Temple
   148 | Temple   | Became a worshipper of Sif Muna the Loreminder
   166 | D:5      | Noticed a scorpion
   174 | D:5      | Noticed a black bear
   199 | D:5      | Noticed a hound
   229 | D:4      | Reached XP level 2. HP: 16/16 MP: 3/3
   476 | D:3      | Reached skill level 1 in Spellcasting
   597 | D:3      | Found a sparkling altar of Nemelex Xobeh.
   626 | D:3      | Reached XP level 3. HP: 20/20 MP: 4/6
   712 | D:3      | Reached skill level 1 in Fire Magic
   752 | D:3      | Found an ornate altar of the Wu Jian Council.
   792 | D:3      | Found a hide-covered altar of Uskayaw.
   879 | D:3      | Noticed Jessica
   886 | D:3      | Killed Jessica
   958 | D:3      | Found a basalt altar of Yredelemnul.
  1078 | D:3      | Reached XP level 4. HP: 17/24 MP: 8/8
  1080 | D:3      | Reached * piety under Sif Muna
  1366 | D:2      | Learned a level 1 spell: Foxfire
  1795 | D:2      | Found a faded altar of an unknown god.
  2776 | D:1      | Reached skill level 2 in Fire Magic
  3093 | D:1      | Reached skill level 1 in Throwing
  4119 | D:2      | Reached skill level 9 in Fire Magic
  4119 | D:2      | Reached XP level 5. HP: 28/28 MP: 10/10
  4186 | D:4      | Noticed a phantom
  4208 | D:4      | Killed a phantom
  4209 | D:4      | Reached XP level 6. HP: 32/32 MP: 3/11
  4365 | D:4      | Reached ** piety under Sif Muna
  4809 | D:4      | Noticed Robin
  5004 | D:4      | Killed Robin
  5035 | D:4      | Reached skill level 10 in Fire Magic
  5180 | D:4      | Noticed Eustachio
  5198 | D:4      | Killed Eustachio
  5199 | D:4      | Reached skill level 1 in Conjurations
  5199 | D:4      | Reached XP level 7. HP: 36/36 MP: 3/12
  6266 | D:5      | Reached XP level 8. HP: 40/40 MP: 6/13
  6546 | D:5      | Found a runed translucent door.
  6547 | D:5      | Noticed Crazy Yiuf
  6655 | D:5      | Killed Crazy Yiuf
  7182 | D:6      | Found a snail-covered altar of Cheibriados.
  7671 | D:6      | Noticed Blork the orc
  7680 | D:6      | Killed Blork the orc
  7770 | D:6      | Noticed Menkaure
  7855 | D:6      | Killed Menkaure
  8052 | D:7      | Learned a level 6 spell: Starburst
  8346 | D:7      | Reached skill level 5 in Conjurations
  8933 | D:7      | Reached XP level 9. HP: 19/42 MP: 15/16
  8954 | D:7      | Reached *** piety under Sif Muna
  9041 | D:7      | Found an iron altar of Okawaru.
  9423 | D:8      | Reached skill level 5 in Spellcasting
  9545 | D:8      | Found a radiant altar of Vehumet.
  9684 | D:8      | Found a runed translucent door.
 11010 | D:8      | Found a runed translucent door.
 11010 | D:8      | Found a runed translucent door.
 11011 | D:8      | Found a runed translucent door.
 11011 | D:8      | Found a runed translucent gate.
 11011 | D:8      | Found a runed translucent door.
 11012 | D:8      | Found a runed translucent gate.
 11012 | D:8      | Found a runed translucent gate.
 11176 | D:9      | Identified the +1 leather armour of Wioned {rElec Will+
                  | Int+2 SInv}
 11183 | D:9      | Reached **** piety under Sif Muna
 11346 | D:9      | Reached XP level 10. HP: 15/49 MP: 15/21
 12393 | D:9      | Reached skill level 11 in Fire Magic
 12969 | D:9      | Found a bloodstained altar of Trog.
 13533 | D:10     | Entered Level 10 of the Dungeon
 14381 | D:9      | Reached skill level 12 in Fire Magic
 14679 | D:10     | Noticed a two-headed ogre
 14702 | D:10     | Killed a two-headed ogre
 14703 | D:10     | Reached XP level 11. HP: 53/53 MP: 24/24
 15031 | D:10     | Noticed a centaur warrior
 15032 | D:10     | Noticed a deep elf pyromancer
 15038 | D:10     | Noticed a centaur warrior
 15038 | D:10     | HP: 2/53 [centaur warrior/arrow (22)]
 15260 | D:10     | a centaur warrior changed into a tarantella
 15736 | D:10     | Found a broken altar of Ashenzari.
 15740 | D:10     | Saw a vision of the Shoals and the Spider Nest.
 15740 | D:10     | Noticed a sea snake
 15740 | D:10     | Noticed a sun moth
 15740 | D:10     | Noticed a harpy
 15740 | D:10     | Noticed a radroach
 15741 | D:10     | Noticed a merfolk javelineer
 15743 | D:10     | Noticed a demonic crawler
 15743 | D:10     | Noticed a steelbarb worm
 15745 | D:10     | Noticed an entropy weaver
 15750 | D:10     | Noticed a steelbarb worm
 15753 | D:10     | a centaur warrior changed into a sun moth
 15753 | D:10     | Noticed a sun moth
 15937 | D:10     | Found a staircase to the Lair.
 15960 | D:10     | Noticed a six-headed hydra
 15981 | D:10     | Killed a six-headed hydra
 15982 | D:10     | Reached skill level 10 in Spellcasting
 16051 | D:10     | Noticed a purple ugly thing
 16534 | D:10     | Mangled by a sun moth

Illustrated notes

Levels and vault maps discovered:
D:1:      psy_arrival_spokes, layout_rooms, skrybe_limestone_x, st_stairs_2
D:2:      layout_rooms, serial_aquarium, aquarium_bridge_long_joined
          [aquarium_subvault_balcony, aquarium_subvault_wall,
          aquarium_subvault_wall, aquarium_subvault_wall,
          aquarium_subvault_balcony, aquarium_subvault_bridge],
          aquarium_bridge_square [aquarium_subvault_bridge,
          aquarium_subvault_window, aquarium_subvault_wall,
          aquarium_subvault_bridge], aquarium_window_2, aquarium_window_1,
          aquarium_view_4, aquarium_balcony_5b, aquarium_pool_double,
          shapermc_ecumenical_altar_notcrosses
D:3:      layout_loops_corners, mainiacjoe_overflow_paths,
          mainiacjoe_overflow_alcove_2, mainiacjoe_overflow_alcove_4,
          lemuel_tele_altar, hangedman_abyss_or_decor_lesser_grid, st_stairs_1,
          nicolae_the_louvre, uniq_jessica
D:4:      layout_cave_pools, uniq_robin, uniq_eustachio
D:5:      layout_rooms, minmay_temple_entry_grid, uniq_crazy_yiuf_cottage
D:6:      layout_loops_ring, slow_altar_1, uniq_blork_the_orc, uniq_menkaure
D:7:      layout_loops_ring, marbit_many_paths, hangedman_decor_clover_reticule
D:8:      layout_basic, vehumet_altar_wand_db, lightli_church_of_beogh
D:9:      layout_roguey, nicolae_overflow_hidden_temple
D:10:     layout_big_octagon, grunt_ashenzari_visionary
          [grunt_ashenzari_visionary_shoals, grunt_ashenzari_visionary_spider],
          lair_entry_dummy, minmay_the_grid_2x2 [minmay_the_grid_outer_circle,
          minmay_the_grid_minigrid_small, minmay_the_grid_embedded,
          minmay_the_grid_prize_four_corners_diamond_a]
Temple:   cyrus_circular_temple

Skill      XL: |  1  2  3  4  5  6  7  8  9 10 11 |
---------------+----------------------------------+-----
Fighting       | 3 4 |  4.0
Spellcasting   | 1 2 3 4 7 8 10 | 10.0
Fire Magic     | 1 9 10 12 | 12.0
Throwing       | 2 3 |  3.0
Conjurations   | 1 3 5 |  5.4
Short Blades   | |  2.1
Dodging        | |  2.6
Stealth        | |  7.2

Action                     |  1- 3 |  4- 6 |  7- 9 | 10-12 || total
---------------------------+-------+-------+-------+-------++-------
  Melee: Short sword       |    45 |    67 |       |       ||   112
         Dagger            |       |       |    38 |    45 ||    83
         Punch             |       |       |       |     1 ||     1
  Throw: Dart              |       |       |       |     2 ||     2
   Cast: Foxfire           |       |   192 |   368 |   348 ||   908
  Evoke: Wand              |     2 |       |       |    31 ||    33
    Use: Scroll            |       |    10 |     5 |     5 ||    20
         Potion            |       |     1 |       |       ||     1
   Stab: Sleeping          |     4 |     2 |     9 |     3 ||    18
 Armour: Robe              |    12 |    29 |    26 |    48 ||   115
  Dodge: Dodged            |    49 |    69 |    32 |   155 ||   305
  Block: Other             |       |       |    10 |    42 ||    52
         Reflection        |       |       |     1 |     2 ||     3

Table legend: (Time is in decaauts)
 A = Elapsed time spent in this place.
 B = Non-inter-level travel time spent in this place.
 C = Inter-level travel time spent in this place.
 D = Time resting spent in this place.
 E = Time spent auto-exploring this place.
 F = Levels seen in this place.
 G = Mean time per level.
                   A        B        C        D        E       F      G
               +--------+--------+--------+--------+--------+-----+--------+
         Total |  13867 |  13500 |    367 |   7595 |   3463 |  11 | 1260.6 |
       Dungeon |  13851 |  13488 |    363 |   7595 |   3463 |  10 | 1385.1 |
        Temple |     16 |     12 |      4 |      0 |      0 |   1 |   16.0 |
               +--------+--------+--------+--------+--------+-----+--------+

Top non-repeatable levels by time:
     D:9: 2981 daAuts
     D:8: 1840 daAuts
    D:10: 1489 daAuts
     D:4: 1373 daAuts
     D:1: 1346 daAuts
     D:6: 1191 daAuts
     D:2: 998 daAuts
     D:7: 987 daAuts
     D:5: 912 daAuts
     D:3: 730 daAuts
  Temple: 16 daAuts
